 Dungeon Crawl Stone Soup version 0.25.0-37-gb73750e0fb (webtiles) character file.

Game seed: 4221752774824692543

148 DocSulfur the Magician (level 5, -3/28 HPs)
             Began as a Deep Elf Wizard on July 8, 2020.
             Shot with an arrow by a centaur (6 damage)
             ... on level 5 of the Dungeon.
             The game lasted 00:13:22 (3325 turns).

DocSulfur the Magician (Deep Elf Wizard)            Turns: 3325, Time: 00:13:23

Health: -3/28      AC:  2    Str:  4    XL:     5   Next: 8%
Magic:  10/14      EV: 13    Int: 24    God:
Gold:   89         SH:  0    Dex: 13    Spells: 3/14 levels left

rFire    . . .     SeeInvis .   k - +0 hunting sling (freeze)
rCold    + . .     Gourm    .   (no shield)
rNeg     . . .     Faith    .   a - +0 robe
rPois    .         Spirit   .   b - +0 hat
rElec    .         Reflect  .   (no cloak)
rCorr    .         Harm     .   (no gloves)
MR       +....                  (no boots)
Stlth    ++........             (no amulet)
HPRegen  0.09/turn              h - ring of protection from magic
MPRegen  0.14/turn              w - ring of protection from cold

@: no status effects
A: no striking features
a: no special abilities


You were on level 5 of the Dungeon.
You were not hungry.

You visited 1 branch of the dungeon, and saw 6 of its levels.

You collected 89 gold pieces.

Inventory:

Hand Weapons
 f - a +1 dagger of speed
 k - a +0 hunting sling of freezing (weapon)
 p - a +2 dagger of electrocution
Missiles
 l - 121 stones (quivered)
Armour
 a - a +0 robe (worn)
 b - a +0 hat (worn)
 t - a +2 tower shield
Jewellery
 h - a ring of protection from magic (left hand)
 w - a ring of protection from cold (right hand)
Scrolls
 c - a scroll of amnesia
 g - a scroll of enchant armour {unknown}
 j - 4 scrolls of remove curse
 m - 2 scrolls of fog {unknown}
 q - a scroll of teleportation
 u - a scroll of identify
Potions
 e - 4 potions of curing {unknown}
 i - a potion of stabbing {unknown}
 n - a potion of resistance {unknown}
 o - 2 potions of flight
 s - 2 potions of lignification
 v - a potion of brilliance {unknown}
 x - a potion of magic {unknown}
Comestibles
 d - 6 rations
 r - 6 chunks of flesh


   Skills:
 - Level 2.4 Dodging
 - Level 2.4 Stealth
 - Level 5.0 Spellcasting
 * Level 4.9 Conjurations
 - Level 1.1 Summonings
 - Level 1.1 Translocations
 + Level 0.4 Fire Magic
 + Level 0.2 Air Magic
 + Level 0.3 Poison Magic


You had 3 spell levels left.
You knew the following spells:

 Your Spells              Type           Power        Failure   Level  Hunger
a - Magic Dart            Conj           ####         1%          1    None
b - Conjure Flame         Conj/Fire      ###.....     9%          3    ##.....
c - Mephitic Cloud        Conj/Pois/Air  ##......     12%         3    ##.....
d - Call Imp              Summ           ##......     9%          2    None
e - Blink                 Tloc           N/A          9%          2    None

Your spell library contained the following spells:

 Spells                   Type           Power        Failure   Level  Hunger
 Slow                     Hex            #.......     13%         2    None


Dungeon Overview and Level Annotations

Branches:
Dungeon (6/15)
 Temple: D:4-7

Altars:
Ashenzari
Gozag
Uskayaw
Wu Jian

Annotations:
D:3 Sigmund


Message History

Your white imp gestures at the centaur.
The puff of frost hits the centaur.
You see here an arrow.
Something hits your white imp.
Your white imp dies!
Something closely misses your shadow imp.
The centaur wields a +0 shortbow.
The centaur shoots an arrow.
The arrow hits your shadow imp.
The centaur shoots an arrow.
The arrow hits your shadow imp!
Your shadow imp dies!
You see here an arrow.
Casting: Call Imp (safe; 9% risk of failure)
Confirm with . or Enter, or press ? or * to list all spells.
Aiming: Magic Dart (safe; 1% risk of failure)
Press: ? - help, Shift-Dir - straight line, f/p - centaur
Aim: a centaur, wielding a +0 shortbow and quivering 12 arrows (almost dead, unaware, hasn't noticed you)
The magic dart hits the centaur.
The centaur is almost dead.
The centaur shoots an arrow.
The arrow hits you.
You die...

..................
..................
#.#..####...######
...........##
.#.#.####..# #
#..# #.######>.#
..........######
........@........
########(########
#######(#
..c.$.c(#
#########


You could see a centaur.

Vanquished Creatures
  5 adders
  2 oozes
  A worm (D:2)
  3 dart slugs
  6 leopard geckos
  8 orcs
  8 bats
  5 giant cockroaches
  8 goblins
  8 hobgoblins
  A quokka (D:3)
  2 ball pythons
  8 frilled lizards
  5 kobolds
  9 rats
79 creatures vanquished.

Notes
Turn   | Place    | Note
-------+----------+-------------------------------------------
     0 | D:1      | DocSulfur the Deep Elf Wizard began the quest for the Orb.
     0 | D:1      | Reached XP level 1. HP: 10/10 MP: 7/7
   296 | D:1      | Reached XP level 2. HP: 15/15 MP: 6/9
   795 | D:1      | Reached XP level 3. HP: 19/19 MP: 7/11
   865 | D:1      | Reached skill level 5 in Spellcasting
  1582 | D:2      | Found a hide-covered altar of Uskayaw.
  2068 | D:3      | Noticed Sigmund
  2085 | D:3      | Reached XP level 4. HP: 24/24 MP: 10/13
  2136 | D:3      | Learned a level 3 spell: Conjure Flame
  2140 | D:3      | Learned a level 3 spell: Mephitic Cloud
  2143 | D:3      | Learned a level 2 spell: Blink
  2146 | D:3      | Learned a level 2 spell: Call Imp
  2311 | D:3      | Found a shattered altar of Ashenzari.
  2311 | D:3      | Found an ornate altar of the Wu Jian Council.
  2523 | D:3      | Found an opulent altar of Gozag.
  3195 | D:5      | Entered Level 5 of the Dungeon
  3212 | D:5      | Reached XP level 5. HP: 28/28 MP: 11/14
  3312 | D:5      | Noticed a centaur
  3325 | D:5      | Shot with an arrow by a centaur

Illustrated notes

Levels and vault maps discovered:
D:1:      minmay_arrival_widening_spiral_wide, layout_loops_ring
D:2:      layout_basic, overflow_temple_1_default
D:3:      layout_loops_ring, marbit_many_paths,
          gammafunk_temple_overflow_elements, gup_sewer_entry_bowl, uniq_sigmund
D:4:      layout_basic, lemuel_round_altar, tso_altar, first_ration,
          biasface_ghost_orc_armoury, uniq_blork_the_orc, uniq_pikel
D:5:      layout_loops_ring, gammafunk_ghost_grave, minmay_diced_spiral
D:6:      layout_rooms, nicolae_xom_altar_mimics, lemuel_coloured_pillars_altar,
          temple_doors_e

Skill      XL: |  1  2  3  4 |
---------------+-------------+-----
Conjurations   | 2 3 4 |  4.9
Spellcasting   | 5 |  5.0
Dodging        | |  2.4
Stealth        | |  2.4
Summonings     | |  1.1
Translocations | |  1.1
Fire Magic     | |  0.4
Air Magic      | |  0.2
Poison Magic   | |  0.3

Action                   |  1- 3 |  4- 6 || total
-------------------------+-------+-------++-------
 Fire: Hunting sling     |    18 |    32 ||    50
 Cast: Magic Dart        |    76 |    55 ||   131
       Call Imp          |       |     5 ||     5
  Use: Scroll            |     1 |     5 ||     6
  Eat: Chunk             |     3 |     4 ||     7
Armor: Robe              |       |     1 ||     1
Dodge: Dodged            |     2 |    14 ||    16
